[Event "*** Titled Tuesday Blitz"]
[Site "Chess.com"]
[Date "2020.05.12"]
[Round "1"]
[White "aa175"]
[Black "VladDobrov"]
[Result "0-1"]
[WhiteElo "2399"]
[BlackElo "2758"]
[TimeControl "180+1"]
[EndTime "10:08:07 PDT"]
[Termination "VladDobrov won by checkmate"]

1. d4 Nf6 2. Nf3 e6 3. Bf4 c5 4. e3 Nc6 5. Nbd2 d5 6. c3 Nh5 7. Be5 f6 8. Bg3 Qb6 9. Qb3 Bd7 10. Qxb6 axb6 11. Bc7 cxd4 12. exd4 Rc8 13. Bxb6 Bd6 14. Bc5 Bb8 15. g3 e5 16. Bg2 e4 17. Ng1 f5 18.
Ne2 Nf6 19. Nf1 Kf7 20. Ne3 g5 21. f4 exf3 22. Bxf3 Rhe8 23. Nxd5 Nxd5 24. Bxd5+ Kg6 25.
Kf2 Ne5 26. Bxb7 Nd3+ 27. Kg2 Nxc5 28. Bxc8 Bc6+ 29. Kf2 Nd3+ 30. Kf1 Rxc8 31. Rg1 Re8 32. Rd1 Bf3 33. Rd2 Re3 34. h3 h5 35. b4 g4 36.
hxg4 fxg4 37. Rxd3 Rxd3 38. Kf2 Rd2 39. Re1 Rxa2 40.
c4 Bxe2 41. Rxe2 Bxg3+ 42. Ke3 Ra3+ 43. Ke4 h4 44. d5 h3 45. c5 h2 46. Rxh2 Bxh2 47. d6 Kf7 48. Kd5 g3 49. d7 Ke7 50.
c6 Kd8 51. Kd6 g2+ 52. Ke6 g1=Q 53. c7+ Bxc7 54. b5 Ra5 55. Kf6 Rxb5 56. Kf7 Rb6 57. Kf8 Rf6# 0-1

[Event "*** Titled Tuesday Blitz"]
[Site "Chess.com"]
[Date "2020.05.12"]
[Round "1"]
[White "Artem_Sadovsky"]
[Black "L_lorenzo"]
[Result "1-0"]
[WhiteElo "2537"]
[BlackElo "2197"]
[TimeControl "180+1"]
[EndTime "10:08:08 PDT"]
[Termination "Artem_Sadovsky won on time"]

1. Nf3 Nf6 2. g3 c5 3. Bg2 Nc6 4. O-O e6 5. b3 Be7 6. Bb2 O-O 7.
c4 d5 8. cxd5 exd5 9. d4 b6 10.
Nc3 Bb7 11. Rc1 Rc8 12. dxc5 bxc5 13. Na4 Nb4 14. a3 Na6 15. Ne5 Qd6 16. Qd3 Rfd8 17. Rfd1 Rc7 18. Qf5 Qe6 19. Qxe6 fxe6 20. Bh3 Bc8 21.
b4 cxb4 22. Rxc7 Nxc7 23. Nc6 Re8 24. Nxe7+ Rxe7 25. axb4 Nb5 26. Nc5 Kf7 27. Nd3 Ne4 28.
Ne5+ Kf8 29. Bd4 Re8 30. Be3 Nbc3 31. Re1 Ba6 32. f3 Nf6 33. Kf2 Bb5 34. Bxa7 Ra8 35.
Bd4 Nxe2 36. Rxe2 Bxe2 37. Kxe2 Ra2+ 38. Kd3 Rxh2 39. Bxe6 Ke7 40. Bc8 Kd8 41. Bf5 g6 42. Nc6+ Kc7 43. Bxf6 Kxc6 44. Be6 Kd6 45. Bg8 Rh3 46. Bg5 h5 47. Kd4 Rh2 48. Bf4+ Kd7 49. Bxd5 Rb2 50. Kc5 Rc2+ 51. Bc4 1-0

[Event "*** Titled Tuesday Blitz"]
[Site "Chess.com"]
[Date "2020.05.12"]
[Round "1"]
[White "Lestofante90"]
[Black "rynos0411"]
[Result "1-0"]
[WhiteElo "2652"]
[BlackElo "2329"]
[TimeControl "180+1"]
[EndTime "10:08:09 PDT"]
[Termination "Lestofante90 won by resignation"]

1. d4 Nf6 2. c4 e6 3. Nc3 d5 4. Nf3 Be7 5. g3 O-O 6. Bg2 a6 7.
O-O c5 8. cxd5 Nxd5 9. e4 Nxc3 10. bxc3 b5 11. a4 Bb7 12. Re1 Nd7 13. Bf4 Nf6 14. Ne5 Rc8 15. Qd3 Qb6 16. Reb1 cxd4 17. cxd4 b4 18. a5 Qa7 19. d5 exd5 20. exd5 Bc5 21.
Ra2 Rfd8 22. Qf5 Bxd5 23. Bxd5 Nxd5 24. Rd2 Nxf4 25. Rxd8+ Rxd8 26. Qxf4 Qc7 27. Re1 Bd6 28. Rc1 Bxe5 29. Rxc7 Bxf4 30. gxf4 Rb8 31. Rc2 g6 32. Kg2 Kg7 33. Kf3 Kf6 34. Ke4 Re8+ 35. Kd5 Rb8 36. Rc6+ Kf5 37. Rb6 Rd8+ 38. Kc4 b3 39. Kxb3 Kxf4 40.
Rf6+ Kg5 41. Rxf7 h5 42. Ra7 Rd3+ 43. Kc4 Rf3 44. Rxa6 Rxf2 45. Rb6 Rxh2 46. Kb3 Rh3+ 47. Kb4 Rh2 48. Kb3 Rh3+ 49. Ka4 Rh4+ 50. Rb4 Re4 51. Rxe4 1-0

[Event "*** Titled Tuesday Blitz"]
[Site "Chess.com"]
[Date "2020.05.12"]
[Round "1"]
[White "Gmedmundo"]
[Black "BlackWidow515"]
[Result "0-1"]
[WhiteElo "2488"]
[BlackElo "2138"]
[TimeControl "180+1"]
[EndTime "10:08:09 PDT"]
[Termination "BlackWidow515 won on time"]

1. e4 e5 2. Nf3 Nc6 3. d4 exd4 4. Nxd4 Bc5 5. Nb3 Bb6 6. Nc3 a5 7. a4 Nf6 8. Qe2 d6 9. Be3 Bxe3 10. Qxe3 O-O 11.
O-O-O Qe7 12. f3 Be6 13. g4 Nb4 14. h4 Rfe8 15. h5 Nd7 16. g5 f6 17. Nd4 fxg5 18.
Nxe6 Qxe6 19. Qxg5 Qf6 20. Qg3 Rf8 21. Rg1 Ne5 22. Kb1 Rf7 23. Be2 Raf8 24. Rdf1 Qf4 25. Qg2 Kh8 26. Nb5 Qd2 27. Rc1 c6 28. Rgd1 Qe3 29.
Nd4 d5 30. Ne6 Re8 31. Ng5 Rfe7 32. Rg1 dxe4 33. Nxe4 c5 34. Bb5 c4 35. Bxe8 c3 36.
Rce1 Qd4 37. b3 Nc4 38. Ng5 Nd2+ 39. Kc1 Na2+ 40. Kd1 Nxf3+ 0-1

[Event "*** Titled Tuesday Blitz"]
[Site "Chess.com"]
[Date "2020.05.12"]
[Round "1"]
[White "ALeks_Ivlev"]
[Black "AndrewDGreen"]
[Result "1-0"]
[WhiteElo "2609"]
[BlackElo "2289"]
[TimeControl "180+1"]
[EndTime "10:08:10 PDT"]
[Termination "ALeks_Ivlev won by checkmate"]

1. d4 Nf6 2. c4 g6 3. Nc3 Bg7 4. e4 d6 5. Be2 O-O 6. Bg5 c5 7. d5 h6 8. Be3 e6 9. dxe6 Bxe6 10. h3 Nc6 11. Nf3 Re8 12. O-O Qe7 13. Qd2 Kh7 14.
Rad1 Rad8 15. Rfe1 b6 16. Bf1 Bc8 17. Bf4 Ne5 18.
Bxe5 dxe5 19. Nd5 Nxd5 20. cxd5 Bd7 21. Qc2 Qd6 22. Nd2 b5 23. a4 a6 24. Ra1 f5 25.
axb5 axb5 26. Ra7 Ra8 27. Rea1 Rab8 28. R1a6 Qe7 29. d6 Qe6 30. Qxc5 Rec8 31. Qd5 f4 32. Nb3 Qxd5 33. exd5 Bf5 34. Rc6 Rd8 35. Rcc7 Rg8 36.
Nc5 Kh8 37. Ne6 Bxe6 38. dxe6 e4 39. e7 Bf6 40. Be2 e3 41. fxe3 fxe3 42. Bf3 b4 43. Kf1 Rge8 44. Ke2 b3 45. Be4 Bxb2 46. Bxg6 Bd4 47.
Bxe8 Bxa7 48. Bb5 b2 49. Bd3 Bd4 50. d7 Bf6 51. e8=Q+ Rxe8 52. dxe8=Q# 1-0

[Event "*** Titled Tuesday Blitz"]
[Site "Chess.com"]
[Date "2020.05.12"]
[Round "1"]
[White "Tashik"]
[Black "Sychev_Klementy"]
[Result "0-1"]
[WhiteElo "2441"]
[BlackElo "2863"]
[TimeControl "180+1"]
[EndTime "10:08:11 PDT"]
[Termination "Sychev_Klementy won by resignation"]

1. c4 g6 2. e4 e5 3. Nf3 Bg7 4. d4 exd4 5. Nxd4 Nf6 6. Nc3 O-O 7. Be2 Re8 8. f3 c6 9. O-O d5 10. cxd5 cxd5 11. exd5 Nxd5 12. Ndb5 Nxc3 13. Nxc3 Nc6 14. Qxd8 Rxd8 15. Bg5 Re8 16. Rfe1 Bf5 17. Bb5 h6 18. Bh4 Rac8 19. Rxe8+ Rxe8 20. Re1 Rxe1+ 21. Bxe1 Nb4 22.
a3 Nd3 23. Bxd3 Bxd3 24. Bf2 b6 25. g4 Kf8 26. Be3 Ke7 27. Kf2 Kd6 28. h4 Kc6 29.
Bf4 a5 30. Ke3 Bc2 31. Kd2 Bb3 32. Kd3 b5 33. Bc1 b4 34. axb4 axb4 35. Ne4 Kd5 36. Nd2 Bd1 37. Ke3 Be5 38. f4 Bd4+ 39. Kd3 Bf2 40. g5 h5 41. Ne4 Bxh4 42. Nf6+ Ke6 43. Bd2 b3 44. Bc3 Bg3 45. Be5 h4 46. Ng4 h3 47. Ne3 Bc2+ 48. Kd2 h2 49. f5+ Kxe5 50.
Ng4+ Kxf5 51. Nxh2 Bxh2 52. Kc3 Be5+ 0-1

[Event "*** Titled Tuesday Blitz"]
[Site "Chess.com"]
[Date "2020.05.12"]
[Round "1"]
[White "Natalya_Buksa"]
[Black "scabies1"]
[Result "1-0"]
[WhiteElo "2513"]
[BlackElo "2138"]
[TimeControl "180+1"]
[EndTime "10:08:11 PDT"]
[Termination "Natalya_Buksa won on time"]

1. d4 Nf6 2. Nc3 d5 3. Bf4 Nbd7 4. Nb5 e5 5. dxe5 Nh5 6. e3 Nxf4 7. exf4 c6 8. Nd4 Qb6 9. Nb3 a5 10. Qd4 Qc7 11.
Nf3 a4 12. Nbd2 Bc5 13. Qc3 Qb6 14. O-O-O Bxf2 15. e6 fxe6 16. Qxg7 Rf8 17. Qxh7 a3 18. b3 Nf6 19. Qg6+ Kd8 20. Nc4 Qb4 21. Qd3 Kc7 22. Qd2 Qc5 23. b4 Qa7 24. Kb1 Rd8 25. Nce5 Ne4 26.
Qd3 Qb6 27. Qb3 c5 28. Ng5 Qxb4 29. Qxb4 cxb4 30. Nxe4 dxe4 31. Bc4 e3 32. Ng4 e5 33. Nxf2 exf2 34. Rxd8 Kxd8 35. fxe5 b5 36. Bd3 Be6 37. Rf1 Kc7 38. Rxf2 Bc4 39. Bxc4 bxc4 40. Rf4 Rd8 41. Rxc4+ Kb6 42. Kc1 Kb5 43. Rc7 Rd5 44. e6 Re5 45. e7 Re2 46. Kd1 Re6 47. Kd2 Kb6 48. Rd7 Kc6 49. Ra7 Kb6 50. Ra4 Kb5 51. Ra8 Rxe7 52. Rg8 Kc4 53. h4 Rd7+ 54. Ke2 Kc3 55. h5 Kxc2 56.
h6 Kb2 57. Rg7 1-0

[Event "*** Titled Tuesday Blitz"]
[Site "Chess.com"]
[Date "2020.05.12"]
[Round "1"]
[White "Poghosyan_Suren"]
[Black "earling8018"]
[Result "1-0"]
[WhiteElo "2490"]
[BlackElo "2033"]
[TimeControl "180+1"]
[EndTime "10:08:11 PDT"]
[Termination "Poghosyan_Suren won on time"]

1. d4 d6 2. e4 g6 3. Nc3 Bg7 4. Nf3 Nf6 5. Be2 O-O 6. O-O c5 7.
d5 Na6 8. a4 Nc7 9. h3 b6 10. Bg5 Ba6 11. Bxa6 Nxa6 12. e5 dxe5 13. Nxe5 Qd6 14. Re1 Nb4 15. Nc4 Qd7 16. Ne5 Qf5 17.
f4 Qxc2 18. Qf3 Rad8 19. Re2 Qf5 20. Rd1 h5 21. g4 hxg4 22. hxg4 Qc8 23. f5 gxf5 24.
gxf5 Qb8 25. Qg2 Rfe8 26. Bh6 Nh5 27. Qg4 Qd6 28. Bxg7 Nxg7 29. Rg2 Qxe5 30. Rdd2 Rd6 31. Rde2 Qd4+ 32. Qxd4 cxd4 33. Ne4 Rxd5 34. f6 exf6 35. Nxf6+ Kf8 36. Nh7+ Kg8 37. Nf6+ Kf8 38. Nh7+ Kg8 39. Rxe8+ Kxh7 40. Re7 Rf5 41. Rd2 d3 42. Re4 a5 43.
Rg4 Nh5 44. Kg2 Nf6 45. Rg3 Ne4 46. Rh3+ Kg6 47. Rd1 d2 48. Rg1 Kf6 49. Re3 1-0

[Event "*** Titled Tuesday Blitz"]
[Site "Chess.com"]
[Date "2020.05.12"]
[Round "1"]
[White "Soltan49"]
[Black "BogdanDeac"]
[Result "1/2-1/2"]
[WhiteElo "2462"]
[BlackElo "2916"]
[TimeControl "180+1"]
[EndTime "10:08:12 PDT"]
[Termination "Game drawn by repetition"]

1. e4 c6 2. d4 d5 3. e5 Bf5 4.
h4 h5 5. Bd3 Bxd3 6. Qxd3 e6 7.
Bg5 Qa5+ 8. Nd2 Ne7 9. Ne2 c5 10. c4 Nbc6 11. O-O cxd4 12. Nxd4 Nxe5 13. Qg3 N7c6 14.
N2b3 Nxd4 15. Qxe5 Nc6 16. Qg3 Qb4 17. cxd5 Bd6 18.
Qe3 Nd8 19. Bxd8 Rxd8 20. dxe6 Qxh4 21. exf7+ Kxf7 22. g3 Qg4 23. Rad1 h4 24. Rd4 Qh5 25. g4 Qe5 26. Qf3+ Kg8 27. Rfd1 Qh2+ 28. Kf1 Rf8 29.
Qd5+ Rf7 30. R1d2 Bc7 31. Nc5 Qh3+ 32. Ke2 Qh2 33. Ne6 Qxf2+ 34. Kd1 Qf1+ 35. Kc2 Bb6 36. Rf4 Rxf4 37. Nxf4+ Kh7 38. Qh5+ Kg8 39. Qe5 Kh7 40. Qh5+ Kg8 41. Qe8+ Kh7 42. Qg6+ Kg8 43. Qe6+ Kh7 44. Qf5+ Kg8 45. Qe6+ Kh7 46. Qg6+ Kg8 47. Qe8+ Kh7 48. Qh5+ 1/2-1/2

[Event "*** Titled Tuesday Blitz"]
[Site "Chess.com"]
[Date "2020.05.12"]
[Round "1"]
[White "Everyfishknows"]
[Black "Supernotar"]
[Result "0-1"]
[WhiteElo "2402"]
[BlackElo "2765"]
[TimeControl "180+1"]
[EndTime "10:08:12 PDT"]
[Termination "Supernotar won on time"]

1. Nf3 c5 2. c4 Nc6 3. d4 cxd4 4.
Nxd4 g6 5. e4 Bg7 6. Be3 Nf6 7.
Nc3 d6 8. Be2 O-O 9. O-O Bd7 10.
Qd2 Qa5 11. f3 Rfc8 12. Rac1 a6 13. b3 Rab8 14. Rfd1 Kf8 15. Nxc6 Bxc6 16. Nd5 Qxd2 17.
Bxd2 b5 18. Be3 bxc4 19. Bxc4 Nxd5 20. Bxd5 Bxd5 21. exd5 Bb2 22. Rxc8+ Rxc8 23. Kf2 Ba3 24. Ke2 Ke8 25. Kd3 Kd7 26. Rd2 e6 27. dxe6+ fxe6 28. Rc2 Rxc2 29. Kxc2 Kc6 30. Kd3 d5 31. Bf4 Bb2 32.
g4 Bf6 33. h3 Bg7 34. a4 Bf8 35. Be5 Bb4 36. Bd4 Bd6 37. Be3 Bb4 38. Bd4 Kd6 39.
Bf2 Ba3 40. Bg3+ Kc6 41. Bf2 Bf8 42. Bg3 Bg7 43. Bf2 Bh8 44. Bg3 Bf6 45. Bf2 Bd8 46. Bg3 Bb6 47. Be5 Bf2 48. Bd4 Bh4 49. Be5 Be7 50.
Bd4 Bd6 51. Bf2 Be5 52. Bd4 Bxd4 53. Kxd4 g5 54. b4 Kd6 55. Kd3 e5 56. Ke3 Kc6 57. Kd3 d4 58. Ke4 Kd6 59. Kd3 Kd5 0-1

[Event "*** Titled Tuesday Blitz"]
[Site "Chess.com"]
[Date "2020.05.12"]
[Round "1"]
[White "Kimster98"]
[Black "aquiles88"]
[Result "1-0"]
[WhiteElo "2557"]
[BlackElo "2225"]
[TimeControl "180+1"]
[EndTime "10:08:12 PDT"]
[Termination "Kimster98 won by checkmate"]

1. d4 d6 2. c4 e5 3. Nc3 Nd7 4. Nf3 Ngf6 5. e4 g6 6. g3 Bg7 7. Bg2 O-O 8. O-O c6 9. d5 cxd5 10. cxd5 Nc5 11. Ne1 a5 12. Nd3 Nfd7 13. Be3 Nxd3 14.
Qxd3 f5 15. exf5 gxf5 16. f4 e4 17. Qd2 Qf6 18. Rfd1 Nc5 19. Bd4 Qxd4+ 20. Qxd4 Bxd4+ 21. Rxd4 Bd7 22. Bf1 Rac8 23. Rad1 Rc7 24. Kf2 Rb8 25. Bb5 Kf7 26. Ke3 Bxb5 27. Nxb5 Rd7 28. Rc4 Nd3 29. Rd2 h5 30. Nd4 Kf6 31. Rdc2 Nb4 32. R2c3 Nd3 33. Rc8 Rxc8 34. Rxc8 Nxb2 35. Rf8+ Rf7 36. Rxf7+ Kxf7 37.
Nxf5 Nc4+ 38. Kxe4 Kf6 39. Nd4 a4 40. Kd3 Nb6 41.
Ke4 Nc4 42. h3 a3 43. Nb5 Nd2+ 44. Kd3 Nf1 45. g4 hxg4 46. hxg4 Nh2 47. g5+ Kf5 48.
Nxd6+ Kxf4 49. g6 Ng4 50. Ne8 Nh6 51. d6 b5 52. d7 b4 53. d8=Q b3 54. Qh4+ Ng4 55.
Nf6 bxa2 56. Qxg4+ Ke5 57. Qd4+ Kf5 58. g7 a1=Q 59.
Qxa1 a2 60. g8=Q Kf4 61. Qg4# 1-0

[Event "*** Titled Tuesday Blitz"]
[Site "Chess.com"]
[Date "2020.05.12"]
[Round "1"]
[White "sopo-tereladze"]
[Black "Elshan1985"]
[Result "0-1"]
[WhiteElo "2380"]
[BlackElo "2724"]
[TimeControl "180+1"]
[EndTime "10:08:13 PDT"]
[Termination "Elshan1985 won on time"]

1. d4 Nf6 2. Nf3 g6 3. Bf4 c5 4.
e3 Bg7 5. c3 b6 6. Be2 Bb7 7.
O-O O-O 8. Nbd2 d6 9. h3 Nc6 10. Re1 a6 11. a4 Nd7 12. Bh2 Ra7 13. d5 Nce5 14. Nxe5 Nxe5 15. e4 Bc8 16. Nc4 Nxc4 17.
Bxc4 Be5 18. f4 Bg7 19. e5 Bf5 20. g4 Bd7 21. Qf3 Qb8 22. e6 fxe6 23. dxe6 Be8 24. f5 b5 25. Bd5 bxa4 26. Rab1 c4 27. Kg2 Rc7 28. Bxd6 exd6 29. e7+ Rf7 30. Bxf7+ Bxf7 31. f6 Bh6 32. Re2 Rc8 33. Rbe1 Re8 34. h4 g5 35.
hxg5 Bxg5 36. Qf5 Qb5 37. Rf2 h6 38. Rd1 Qxf5 39. Rxf5 d5 40. Kf3 Be6 41. Rfxd5 Bxd5+ 42. Rxd5 Bxf6 43. Ra5 Bxe7 44. Rxa4 Rb8 45. Rxa6 Bg5 46. Rc6 Rxb2 47. Rxc4 Kf7 48. Ke4 Ke6 49. Rc6+ Kd7 50. Rg6 Rf2 51. c4 Rf4+ 52. Kd5 Rxg4 53. Rg7+ Kc8 54. c5 Rf4 55. Rg8+ Bd8 56. Rh8 Rf6 57.
c6 Rg6 58. Kc5 Rg5+ 59. Kd6 h5 60. c7 Rg6+ 0-1

[Event "*** Titled Tuesday Blitz"]
[Site "Chess.com"]
[Date "2020.05.12"]
[Round "1"]
[White "francyIM"]
[Black "ARMQUEEN"]
[Result "1-0"]
[WhiteElo "2675"]
[BlackElo "2347"]
[TimeControl "180+1"]
[EndTime "10:08:13 PDT"]
[Termination "francyIM won by resignation"]

1. d4 d5 2. c4 dxc4 3. Nf3 Nf6 4. e3 e6 5. Bxc4 a6 6. O-O c5 7. dxc5 Qxd1 8. Rxd1 Bxc5 9. a3 b5 10. Be2 Nc6 11. b4 Bb6 12. Bb2 Bb7 13. Nbd2 Ke7 14. Nb3 Rhd8 15. Rac1 Rxd1+ 16. Rxd1 Rd8 17. Rc1 Nd5 18. Nfd4 Nxd4 19. Bxd4 Bxd4 20. Nxd4 Kd6 21. Bf3 Rc8 22. Rxc8 Bxc8 23. Kf1 f5 24. Ke1 Nb6 25. Be2 e5 26. Nb3 Na4 27. Kd2 Kd5 28. Nc1 g5 29. Bd1 Nb6 30. Bb3+ Nc4+ 31. Kc3 Be6 32. Bxc4+ bxc4 33. Ne2 f4 34. exf4 gxf4 35. f3 Bf5 36. g3 Bd3 37.
Nc1 fxg3 38. hxg3 e4 39. Nxd3 exd3 40. a4 h5 41. a5 Ke5 42. f4+ Ke4 43. b5 Ke3 44.
bxa6 d2 45. a7 d1=Q 46. a8=Q Qd3+ 47. Kb4 Qb3+ 48. Kc5 Kd2 49. Qg2+ Kc1 50. Qf1+ Kb2 51.
Qxc4 Qxg3 52. a6 Qg2 53. a7 Qb7 54. Qb4+ Qxb4+ 55. Kxb4 h4 56. a8=Q h3 57. Qh1 Ka2 58. Qxh3 Kb2 59. Qg2+ 1-0

[Event "*** Titled Tuesday Blitz"]
[Site "Chess.com"]
[Date "2020.05.12"]
[Round "1"]
[White "chessuriel"]
[Black "ezkybel"]
[Result "1/2-1/2"]
[WhiteElo "2156"]
[BlackElo "2507"]
[TimeControl "180+1"]
[EndTime "10:08:13 PDT"]
[Termination "Game drawn by agreement"]

1. e4 e6 2. d4 d6 3. Nd2 d5 4.
Ngf3 Nf6 5. Bd3 c5 6. e5 Nc6 7.
exf6 Qxf6 8. dxc5 Bxc5 9. Nb3 Bd6 10. Bg5 Qxb2 11. O-O h6 12. Bh4 O-O 13. c4 dxc4 14. Bxc4 Bc7 15. Qc1 Qxc1 16. Raxc1 f5 17. Bb5 g5 18.
Bxc6 bxc6 19. Rxc6 Bd8 20. Rfc1 Bb7 21. Rxe6 Bxf3 22.
gxf3 gxh4 23. Rxh6 Kg7 24. Rd6 Bb6 25. Nd4 Rf6 26.
Rd7+ Kh6 27. Ne2 Rg8+ 28. Kf1 f4 29. Rc4 Rgf8 30. Nc3 R8f7 31. Rd5 Rf5 32. Rd6+ R7f6 33. Rd7 Rg6 34. Ne4 Rf8 35. Rb4 h3 36. Rb5 Rc8 37. Rdd5 Rg1+ 38. Ke2 Rc2+ 39. Kd3 Rxa2 40. Rh5+ Kg7 41. Rxh3 Raa1 42. Rhh5 Rgd1+ 43. Kc4 Rab1 44. Rbg5+ Kf7 45. Rh7+ Kf8 46. Nf6 Rdc1+ 47. Kd3 Rd1+ 48. Ke4 Rb4+ 49. Kf5 Rb5+ 50. Kg6 Rxg5+ 51. Kxg5 Bxf2 52. Kg6 Rg1+ 53. Kf5 a5 54. Rb7 a4 55. Ke6 Re1+ 56.
Kf5 a3 57. Rb8+ Ke7 58. Re8+ Kf7 59. Ra8 Ra1 60. Rb8 Bc5 61. Rb7+ Be7 62. Nd5 Re1 63.
Ra7 Re3 64. Nxe7 Rxe7 65. Rxa3 Re2 66. Kxf4 Rxh2 67. Kg3 Rh6 68. Ra7+ Kf8 69. Ra8+ Kf7 70. Ra7+ Ke8 71. Ra5 Rg6+ 72. Kf4 Rd6 73. Ke3 Re6+ 74. Kf4 Rb6 75. Re5+ Kf7 76. Ke4 Rb4+ 77. Kf5 Rb3 78.
f4 1/2-1/2

[Event "*** Titled Tuesday Blitz"]
[Site "Chess.com"]
[Date "2020.05.12"]
[Round "1"]
[White "Azeryahu"]
[Black "amiralfio"]
[Result "0-1"]
[WhiteElo "2822"]
[BlackElo "2448"]
[TimeControl "180+1"]
[EndTime "10:08:14 PDT"]
[Termination "amiralfio won by checkmate"]

1. Nf3 Nf6 2. g3 d5 3. Bg2 g6 4. b3 c5 5. Bb2 Bg7 6. O-O O-O 7. c4 d4 8. b4 Nc6 9. bxc5 e5 10. d3 Nd7 11.
Nfd2 Nxc5 12. Ba3 Qb6 13. Nb3 Nxb3 14. Qxb3 Re8 15. Nd2 Bg4 16. Rfe1 Bf8 17. Bxf8 Kxf8 18. Ne4 Be6 19. Nd6 Re7 20. Qxb6 axb6 21. Nxb7 Nb4 22. Rab1 Nc2 23. Rec1 Rxa2 24. Rxb6 Bg4 25. c5 Bxe2 26. Bd5 Ra1 27. Rxa1 Nxa1 28. Bc4 e4 29. Na5 exd3 30. Rb2 Nc2 31. Nb3 Rb7 32. Ra2 Nb4 33. Ra8+ Kg7 34. Nxd4 Bd1 35. Nb5 d2 36. Nd6 Re7 37. Ne8+ Kh6 38. Nf6 Re1+ 39. Kg2 Bf3+ 40. Kh3 d1=N 41. g4 Bxa8 42. Kh4 Nxf2 43. g5+ Kg7 44. Kg3 Ne4+ 45. Kf4 Nxf6 46. gxf6+ Kxf6 47. c6 Re3 48. c7 Bb7 49.
Kxe3 Bc8 50. Kd4 Na6 51. h4 Nxc7 52. Ke3 Be6 53. Bf1 Nd5+ 54. Ke4 h5 55. Bg2 Ne7 56. Bf1 Bf5+ 57. Kf4 Nd5+ 58. Kg3 Ke5 59. Bc4 f6 60.
Ba2 g5 61. hxg5 fxg5 62. Bb3 h4+ 63. Kh2 Ne3 64. Ba4 Kf4 65. Kh1 g4 66. Kg1 Kg3 67. Bc6 h3 68. Bg2 Nxg2 69. Kh1 Nf4 70. Kg1 Be4 71. Kf1 h2 72. Ke1 h1=Q+ 73. Kd2 Qg2+ 74. Kc3 Qf3+ 75. Kc4 Kh4 76. Kc5 g3 77. Kb6 g2 78.
Kc7 g1=Q 79. Kd6 Qd4+ 80. Ke7 Qfc3 81. Kf7 Qc7+ 82. Kf8 Qdd8# 0-1

[Event "*** Titled Tuesday Blitz"]
[Site "Chess.com"]
[Date "2020.05.12"]
[Round "1"]
[White "secretsuperstar7"]
[Black "AminMolaei"]
[Result "1-0"]
[WhiteElo "2215"]
[BlackElo "2521"]
[TimeControl "180+1"]
[EndTime "10:08:14 PDT"]
[Termination "secretsuperstar7 won by checkmate"]

1. d4 e6 2. c4 b6 3. Nc3 Bb7 4. e4 Bb4 5. d5 Nf6 6. e5 Ne4 7. Qd3 Nxc3 8. bxc3 Bc5 9. Qg3 Bf8 10. Bg5 Qc8 11. Rd1 Na6 12. Nf3 Nc5 13. Qh4 a5 14. Be2 a4 15. O-O a3 16. Ne1 Ra4 17. Nc2 exd5 18. Rd4 Ne6 19. Rg4 h6 20. Be3 dxc4 21. Bxc4 Be7 22. Qg3 h5 23. Rxg7 Rxc4 24. Rg8+ Rxg8 25.
Qxg8+ Bf8 26. f4 Be4 27. f5 Ng7 28. Nd4 Rxd4 29. cxd4 Nxf5 30. Bd2 c5 31. d5 Ne7 32. Qxf7+ Kd8 33. Qxf8+ Kc7 34. Qxe7 Bxd5 35. Qd6+ Kb7 36. Qxd5+ Ka6 37. Qc4+ b5 38. Qd5 b4 39. Qd6+ Kb5 40. Be3 Qc6 41. Qxc6+ dxc6 42. Rc1 c4 43. e6 b3 44. e7 b2 45. Rb1 c3 46. e8=Q c2 47.
Qb8+ Kc4 48. Rxb2 axb2 49. Qxb2 Kd3 50. Bc1 c5 51. Qb3+ Ke2 52. Qxc2+ Ke1 53. Qd2# 1-0

[Event "*** Titled Tuesday Blitz"]
[Site "Chess.com"]
[Date "2020.05.12"]
[Round "1"]
[White "White_Ghost"]
[Black "gmcorrales"]
[Result "1-0"]
[WhiteElo "2434"]
[BlackElo "2784"]
[TimeControl "180+1"]
[EndTime "10:08:15 PDT"]
[Termination "White_Ghost won by resignation"]

1. d4 Nf6 2. c4 g6 3. g3 Bg7 4. Bg2 d5 5. cxd5 Nxd5 6. Nf3 O-O 7. O-O Nc6 8. Nc3 Nb6 9. e3 Re8 10. d5 Na5 11. e4 c6 12. dxc6 Nxc6 13. Qe2 Bg4 14. Be3 Nd4 15. Bxd4 Bxd4 16. h3 Bxf3 17.
Bxf3 Bxc3 18. bxc3 e5 19. a4 Qc8 20. Rfd1 Qxh3 21. a5 Nc8 22. a6 b6 23. Bg4 Qh6 24. Rd7 Qg5 25. Qc4 Ne7 26. Bh3 Red8 27. Rad1 Rxd7 28.
Rxd7 Rc8 29. Qd3 Ra8 30. Qd6 Kf8 31. Kh2 h5 32. f4 exf4 33. gxf4 Qh4 34. Kg2 Re8 35.
Rxa7 Qe1 36. Qd3 Nc6 37. Rc7 Rxe4 38. Rxc6 Re2+ 39. Qxe2 Qxe2+ 40. Kg3 Qe3+ 41. Kh2 Qxf4+ 42. Kh1 Qc1+ 43. Kh2 Qf4+ 44. Kh1 Qa4 45. Rc8+ Kg7 46. Ra8 b5 47. a7 Qa1+ 48. Kh2 b4 49. Bg2 Qa2 50.
cxb4 g5 51. b5 h4 52. Rg8+ Kxg8 53. a8=Q+ Kg7 54. Qxa2 f5 55. Qb2+ Kg6 56. b6 Kh5 57. Kh1 g4 58. b7 Kg5 59. b8=Q h3 60. Qf8 Kh4 61. Qf2+ Kg5 62. Q2xf5+ Kh4 63. Qf2+ Kg5 64. Q8f6+ 1-0

[Event "*** Titled Tuesday Blitz"]
[Site "Chess.com"]
[Date "2020.05.12"]
[Round "1"]
[White "Haykoooo0o"]
[Black "ZverevLev"]
[Result "1/2-1/2"]
[WhiteElo "2491"]
[BlackElo "2092"]
[TimeControl "180+1"]
[EndTime "10:08:16 PDT"]
[Termination "Game drawn by agreement"]

1. e4 e5 2. Nf3 Nc6 3. Bc4 Bc5 4. c3 Nf6 5. d4 exd4 6. e5 d5 7. Be2 Ne4 8. cxd4 Bb6 9. Nc3 O-O 10. O-O f6 11. exf6 Nxf6 12. Be3 h6 13. Ne5 Be6 14.
Nxc6 bxc6 15. Rc1 Qd7 16. Na4 Ng4 17. Bxg4 Bxg4 18. f3 Bf5 19. Qd2 Rae8 20. Bf2 Rf6 21. Rfe1 Rfe6 22. Rxe6 Rxe6 23. Re1 Qe7 24. Rxe6 Qxe6 25.
Nc5 Qe7 26. Qe3 Qxe3 27. Bxe3 g5 28. Kf2 Bxc5 29. dxc5 Kf7 30. Bd4 Kg6 31. Be5 Be6 32. Bxc7 Kf7 33. Ke3 Kg6 34. Kd4 Kf5 35. g4+ Kg6 36.
Ke5 Bg8 37. Ba5 h5 38. Bc3 hxg4 39. fxg4 d4 40. Bxd4 Bxa2 41. b4 a6 42. Ke4 Bc4 43. Kf3 Bb5 44. Kg3 Bc4 45. h4 gxh4+ 46. Kxh4 Bb5 47.
Kg3 Bc4 48. Be3 Bb5 49. Kf4 Ba4 50. Ke5 Bb5 51. Kd6 Ba4 52. Kc7 Bb5 53. Kb6 Kg7 54.
g5 Kg6 55. Kc7 Kf5 56. Bd2 Kg6 57. Kd6 Ba4 58. Kc7 Bb5 59. Kb6 Kf5 60. Ka5 Kg6 61.
Bc1 Kf5 62. Kb6 Kg6 63. Kc7 Kf5 64. Kd6 Kg6 65. Ke7 Ba4 66. Bd2 Bb5 67. Be3 Ba4 68.
Ke6 Bb5 69. Ke5 Ba4 70. Kd6 Bb5 71. Ke5 Ba4 72. Kd4 Bb5 73. Kc3 Ba4 74. Kb2 Bb5 75. Ka3 Kf5 76. Bf4 Kg6 77. Kb2 Kf5 78. Kc3 Kg6 79.
Kd4 Ba4 80. Ke5 Bb5 81. Ke6 Ba4 82. Bd2 Bb5 83. Kd6 Ba4 84. Ke5 1/2-1/2

[Event "*** Titled Tuesday Blitz"]
[Site "Chess.com"]
[Date "2020.05.12"]
[Round "1"]
[White "Igor_Lysyj"]
[Black "elisak43"]
[Result "1-0"]
[WhiteElo "2785"]
[BlackElo "2412"]
[TimeControl "180+1"]
[EndTime "10:08:17 PDT"]
[Termination "Igor_Lysyj won by resignation"]

1. d4 Nf6 2. c4 e6 3. Nf3 d5 4. g3 Bb4+ 5. Bd2 Be7 6. Bg2 Nbd7 7. O-O c6 8. Qc2 O-O 9. a3 Nb6 10. c5 Nbd7 11. Bf4 Nh5 12. Bd2 f5 13. Nc3 Ndf6 14.
Ne5 Ne4 15. Nxe4 fxe4 16. f3 exf3 17. exf3 Bd7 18. Rae1 Nf6 19. g4 Be8 20. Qc3 b6 21. Nd3 bxc5 22. Nxc5 Bxc5 23. Qxc5 Bd7 24. Ba5 Qb8 25.
Bc3 Qb6 26. b4 Qxc5 27. dxc5 Kf7 28. h4 Ng8 29. Kh2 Ne7 30. Kg3 h5 31. Re5 g6 32.
Rd1 Rab8 33. Rd4 a5 34. Rf4+ Kg8 35. Rxf8+ Kxf8 36. Bh3 axb4 37. Bxb4 hxg4 38. fxg4 Kf7 39. Bf1 Ng8 40. Bd3 Be8 41. Re1 Nf6 42. Kf4 Nd7 43. Kg5 Ke7 44. h5 gxh5 45. gxh5 e5 46. Bf5 e4 47. h6 Ne5 48. Rh1 Bd7 49. h7 Nf7+ 50. Kf4 Bxf5 51. Kxf5 e3 52. Kf4 d4 53.
Ke4 Rd8 54. a4 Kf6 55. a5 Kg7 56. Be1 Ng5+ 57. Kd3 Nxh7 58. Rh4 Nf6 59. Rxd4 Rxd4+ 60. Kxd4 Nd5 61. Ke5 Kf7 62. Kd6 Nb4 63. Bxb4 1-0

[Event "*** Titled Tuesday Blitz"]
[Site "Chess.com"]
[Date "2020.05.12"]
[Round "1"]
[White "madalin18"]
[Black "PIwan"]
[Result "0-1"]
[WhiteElo "2188"]
[BlackElo "2531"]
[TimeControl "180+1"]
[EndTime "10:08:17 PDT"]
[Termination "PIwan won on time"]

1. e4 e6 2. d4 d5 3. Nc3 Nf6 4. e5 Nfd7 5. f4 c5 6. Nf3 Nc6 7. Be3 Qb6 8. Na4 Qa5+ 9. c3 cxd4 10. b4 Nxb4 11. cxb4 Bxb4+ 12. Bd2 Bxd2+ 13. Nxd2 b6 14. Rc1 O-O 15. Bd3 Ba6 16. Bxa6 Qxa6 17. Kf2 f6 18. exf6 Rxf6 19. g3 Ne5 20. Kg2 Nd3 21. Rc7 Rg6 22.
Rf1 Rf8 23. Kh1 e5 24. f5 Rg5 25. f6 gxf6 26. Nf3 Rg7 27. Rxg7+ Kxg7 28. Nh4 Kh8 29.
Nf5 Nc5 30. Nxc5 bxc5 31. Rf2 Qe6 32. Qh5 e4 33. Qh6 Qf7 34. Nd6 Qg6 35. Qxg6 hxg6 36.
Kg2 Kg7 37. Rc2 c4 38. Nxc4 dxc4 39. Rxc4 Rd8 40. Kf2 Kh6 41. Ke2 Kg5 42. Rc7 f5 43. Rxa7 Rb8 44. Rc7 Rb2+ 45. Kd1 Rxh2 46. a4 Ra2 47.
Ra7 Kg4 48. Ra6 Kf3 49. Rxg6 Rxa4 50. g4 f4 51. Rf6 d3 52. Kc1 e3 53. g5 d2+ 54.
Kc2 Rc4+ 55. Kb3 Rc1 0-1